[Event "Early-Titled-Tuesday-Blitz-March-12-2024"]
[Site "Chess.com"]
[Date "2024.03.12"]
[Round "7"]
[White "Nitzan_Steinberg"]
[Black "PepeCuenca"]
[Result "0-1"]
[WhiteElo "2891"]
[BlackElo "2714"]
[TimeControl "180+1"]
[EndTime "9:19:16 PDT"]
[Termination "PepeCuenca won by resignation"]

1. e4 c5 2. Nf3 Nc6 3. Bb5 e5 4. O-O Bd6 5. d4 Nxd4 6. Bc4 h6 7. Nxd4 cxd4 8. c3 Bc5 9. b4 Bb6 10. a4 d5 11. exd5 Nf6 12. a5 Bc7 13. cxd4 O-O 14. h3 Qd6 15. Re1 e4 16. g3 Bxh3 17. Qb3 Qd7 18. Nd2 Rfe8 19. Nf1 Rad8 20. Ne3 h5 21.
Qa4 Qc8 22. a6 b6 23. Qc6 h4 24. Qb7 hxg3 25. fxg3 Bxg3 26. Bd2 Bxe1 27. Rxe1 Ng4 28.
Bb5 Nxe3 29. Qxc8 Rxc8 30. Rxe3 Bf5 31. Bxe8 Rxe8 32. Rc3 Bd7 33. Rc7 Bb5 34. Rxa7 e3 35. Be1 Rc8 36. Kg2 Rc1 37. Ra8+ Kh7 38. a7 Ra1 39. Kf3 Bc4 40. Kxe3 Bxd5 41. Rd8 Bh1 42. Bc3 Rxa7 43. d5 Rc7 44. Be5 Rc4 45. d6 Bc6 46. Kd3 Rxb4 47. d7 Bxd7 48. Rxd7 Kg6 49. Bd4 f6 50. Ke4 b5 51. Rb7 Rb1 52. Kd3 b4 53.
Kc2 Rf1 54. Rxb4 Rf4 55. Kd3 Rg4 56. Rb8 Rg3+ 57. Ke4 Rg4+ 58. Kd3 Rg3+ 59. Be3 Rg4 60. Ke2 Ra4 61. Kf3 Kf5 62. Rb5+ Kg6 63. Bf4 Rc4 64.
Rb7 Rd4 65. Be3 Rc4 66. Ke2 Re4 67. Kd3 Ra4 68. Bc5 Ra8 69. Ke4 Re8+ 70. Kd5 Rd8+ 71. Ke6 Re8+ 72. Be7 Rc8 73. Rb6 Ra8 74. Rb1 Ra6+ 75.
Bd6 Ra5 76. Rg1+ Rg5 77. Rf1 Rg2 78. Bf4 Re2+ 79. Kd5 Kf7 80. Kd4 Re7 81. Be3 Rd7+ 82.
Ke4 Re7+ 83. Kf3 g5 84. Ke2 Kg6 85. Kd3 f5 86. Rg1 g4 87. Bf4 Re4 88. Bg3 Ra4 89. Ke2 f4 90. Be1 Kf5 91. Bd2 Ra2 92. Kd3 f3 93.
Be3 Ra3+ 94. Kd2 Ra2+ 95. Kd3 Re2 96. Rh1 g3 97. Rh8 Kg4 98. Rg8+ Kh3 99. Rh8+ Kg2 100.
Rg8 Ra2 101. Bf4 Ra3+ 102. Ke4 f2 103. Bxg3 Rxg3 0-1

[Event "Early-Titled-Tuesday-Blitz-March-12-2024"]
[Site "Chess.com"]
[Date "2024.03.12"]
[Round "8"]
[White "TanitoluwaAps116"]
[Black "nekotyanof"]
[Result "1-0"]
[WhiteElo "2819"]
[BlackElo "2646"]
[TimeControl "180+1"]
[EndTime "9:20:41 PDT"]
[Termination "TanitoluwaAps116 won by checkmate"]

1. e4 c5 2. Nf3 Nc6 3. Bb5 g6 4.
Bxc6 dxc6 5. d3 Bg7 6. h3 Nf6 7. O-O Nd7 8. Nc3 O-O 9. Be3 e5 10. Qd2 Re8 11. Bh6 Bh8 12. Nh2 Nf8 13. f4 exf4 14.
Qxf4 Ne6 15. Qxf7# 1-0

[Event "Early-Titled-Tuesday-Blitz-March-12-2024"]
[Site "Chess.com"]
[Date "2024.03.12"]
[Round "8"]
[White "Boundless_Strike"]
[Black "MidnightFox"]
[Result "1-0"]
[WhiteElo "2610"]
[BlackElo "2504"]
[TimeControl "180+1"]
[EndTime "9:21:40 PDT"]
[Termination "Boundless_Strike won by resignation"]

1. d4 Nf6 2. f3 c5 3. d5 e5 4. e4 Bd6 5. c4 Bc7 6. Nc3 d6 7. Bd3 Ba5 8. Ne2 Nbd7 9. O-O Nf8 10. a3 Ng6 11. b4 cxb4 12. axb4 Bxb4 13. Qa4+ Bd7 14. Qxb4 1-0

[Event "Early-Titled-Tuesday-Blitz-March-12-2024"]
[Site "Chess.com"]
[Date "2024.03.12"]
[Round "8"]
[White "Meri-Arabidze"]
[Black "bubeliang"]
[Result "1-0"]
[WhiteElo "2723"]
[BlackElo "2791"]
[TimeControl "180+1"]
[EndTime "9:22:36 PDT"]
[Termination "Meri-Arabidze won by checkmate"]

1. d4 d5 2. c4 e6 3. Nc3 Nf6 4. cxd5 exd5 5. Bg5 c6 6. e3 Be7 7. Bd3 O-O 8. Qc2 h6 9. Bh4 Re8 10. Nf3 Nbd7 11. O-O Nh5 12. Bxe7 Qxe7 13. Rab1 a5 14.
a3 Ndf6 15. b4 axb4 16. axb4 b5 17. Ne5 Bb7 18. h3 Nd7 19. Nxf7 Rf8 20. Bh7+ Kxf7 21.
Qg6# 1-0

[Event "Early-Titled-Tuesday-Blitz-March-12-2024"]
[Site "Chess.com"]
[Date "2024.03.12"]
[Round "8"]
[White "David_George21"]
[Black "Flaccidmoves"]
[Result "0-1"]
[WhiteElo "2295"]
[BlackElo "2433"]
[TimeControl "180+1"]
[EndTime "9:22:42 PDT"]
[Termination "Flaccidmoves won by resignation"]

1. e4 e6 2. d4 d5 3. Nd2 c5 4. exd5 exd5 5. Ngf3 Nf6 6. Bb5+ Nc6 7. O-O Be7 8. dxc5 Bxc5 9. Re1+ Be6 10. Ng5 O-O 11.
Nxe6 fxe6 12. Bxc6 bxc6 13. Rxe6 Ng4 14. Qxg4 Rxf2 15.
Nb3 Rf4+ 16. Nxc5 Rxg4 17. Be3 d4 18. Rd1 Qd5 0-1

[Event "Early-Titled-Tuesday-Blitz-March-12-2024"]
[Site "Chess.com"]
[Date "2024.03.12"]
[Round "8"]
[White "Witty_Alien"]
[Black "GilbertoHernandezAmura"]
[Result "0-1"]
[WhiteElo "2321"]
[BlackElo "2451"]
[TimeControl "180+1"]
[EndTime "9:22:56 PDT"]
[Termination "GilbertoHernandezAmura won by resignation"]

1. e4 d5 2. exd5 Nf6 3. Nc3 Nxd5 4. Nf3 Nxc3 5. bxc3 Bg4 6. Rb1 b6 7. Rb4 Bh5 8. Rh4 Bg6 9. Ne5 Qd6 10. Bb5+ c6 11.
Nxc6 Nxc6 12. Qf3 Rc8 13. Rc4 Qe5+ 14. Kd1 Qxb5 0-1

[Event "Early-Titled-Tuesday-Blitz-March-12-2024"]
[Site "Chess.com"]
[Date "2024.03.12"]
[Round "8"]
[White "Msb2"]
[Black "Seochesspie"]
[Result "1-0"]
[WhiteElo "3004"]
[BlackElo "2867"]
[TimeControl "180+1"]
[EndTime "9:23:00 PDT"]
[Termination "Msb2 won by resignation"]

1. d4 Nf6 2. c4 e6 3. Nc3 Bb4 4. e3 O-O 5. Bd2 c5 6. a3 Bxc3 7. Bxc3 Ne4 8. Ne2 b6 9. d5 Bb7 10. f3 Nxc3 11. Nxc3 exd5 12. cxd5 d6 13. e4 Nd7 14.
Be2 Qh4+ 15. g3 Qh3 16. Qd2 f5 17. O-O-O Nf6 18. exf5 Qxf5 19. g4 Qd7 20. Bd3 Rae8 21. Bb5 Qf7 22. Bxe8 Rxe8 23. Rhe1 Rxe1 24. Qxe1 Kf8 25.
Qd2 h6 26. Qf4 Qe7 27. Ne4 1-0

[Event "Early-Titled-Tuesday-Blitz-March-12-2024"]
[Site "Chess.com"]
[Date "2024.03.12"]
[Round "8"]
[White "electrosaw"]
[Black "ilqar_74"]
[Result "0-1"]
[WhiteElo "2558"]
[BlackElo "2844"]
[TimeControl "180+1"]
[EndTime "9:23:20 PDT"]
[Termination "ilqar_74 won by resignation"]

1. g3 Nf6 2. Bg2 e6 3. b3 d5 4. Bb2 Be7 5. e3 O-O 6. Ne2 c5 7. d3 Nc6 8. Nd2 b6 9. a3 Bb7 10. h3 e5 11. g4 d4 12. Ng3 Nd5 13. Nf5 Bf6 14. Bxd5 Qxd5 15. e4 Qd8 16. Nf3 g6 17.
Ng3 Bh4 18. Nxh4 Qxh4 19. Qd2 a5 20. Bc1 a4 21. b4 cxb4 22. axb4 b5 23. Kf1 Nd8 24.
Qh6 Qxh6 25. Bxh6 Re8 26. f4 Nc6 27. f5 Nxb4 28. Rc1 a3 29. Bd2 a2 0-1

[Event "Early-Titled-Tuesday-Blitz-March-12-2024"]
[Site "Chess.com"]
[Date "2024.03.12"]
[Round "8"]
[White "FlemingA"]
[Black "littlepinkyboy"]
[Result "1-0"]
[WhiteElo "2429"]
[BlackElo "2605"]
[TimeControl "180+1"]
[EndTime "9:23:22 PDT"]
[Termination "FlemingA won by resignation"]

1. Nf3 d5 2. g3 Nf6 3. Bg2 c6 4.
O-O Bg4 5. d3 Nbd7 6. Nbd2 e5 7.
e4 Bd6 8. Re1 O-O 9. h3 Bh5 10. a4 Re8 11. c3 Nc5 12. Qc2 dxe4 13. Nxe4 Bc7 14. Nxc5 Qd5 15. Ne4 Nxe4 16. dxe4 Qe6 17.
g4 Bg6 18. Nh4 Rad8 19. Nxg6 hxg6 20. Be3 b6 21. Rad1 c5 22. Rd5 Qc6 23. Red1 Rxd5 24. Rxd5 Qe6 25. c4 Rd8 26. Qd3 Rxd5 27. Qxd5 Qxd5 28.
exd5 Kf8 29. Kf1 f5 30. Ke2 f4 31. Bd2 a5 32. Kd3 Bd6 33. Ke4 Kf7 34. Bc3 Kf6 35. h4 g5 36. hxg5+ Kxg5 37. Bxe5 Be7 38. f3 Bd8 39. Bxf4+ 1-0

[Event "Early-Titled-Tuesday-Blitz-March-12-2024"]
[Site "Chess.com"]
[Date "2024.03.12"]
[Round "8"]
[White "Mikhail_Golubev"]
[Black "Pedrada88"]
[Result "0-1"]
[WhiteElo "2688"]
[BlackElo "2552"]
[TimeControl "180+1"]
[EndTime "9:23:27 PDT"]
[Termination "Pedrada88 won by resignation"]

1. e4 c6 2. d4 d5 3. e5 Bf5 4. h4 h5 5. c4 e6 6. Nc3 Bb4 7. a3 Bxc3+ 8. bxc3 Ne7 9. Bg5 Qa5 10. Qd2 Nd7 11. Ne2 dxc4 12. Bxe7 Kxe7 13. Ng3 Nb6 14. Nxf5+ exf5 15. Be2 Nd5 16. Rc1 b5 17. Rh3 Qxa3 18.
Bf3 a5 19. Rd1 Qxc3 20. Qxc3 Nxc3 21. Bxc6 Nxd1 22. Bxa8 Rxa8 23. Kxd1 Rd8 24. Ra3 Rxd4+ 25. Kc2 a4 26. Ra1 Rd3 27. Rb1 Rb3 28. Rd1 a3 29. f4 Rg3 0-1

[Event "Early-Titled-Tuesday-Blitz-March-12-2024"]
[Site "Chess.com"]
[Date "2024.03.12"]
[Round "8"]
[White "Rosh1610"]
[Black "GAO"]
[Result "1-0"]
[WhiteElo "2461"]
[BlackElo "2311"]
[TimeControl "180+1"]
[EndTime "9:23:38 PDT"]
[Termination "Rosh1610 won by resignation"]

1. e4 c5 2. Nf3 Nc6 3. d4 cxd4 4. Nxd4 g6 5. Nc3 Bg7 6. Be3 Nf6 7. Bc4 O-O 8. Bb3 Re8 9. Qd2 d5 10. exd5 Nb4 11. O-O-O Nbxd5 12. Ndb5 e6 13. h4 a6 14. Nxd5 Nxd5 15. Nc3 Qf6 16. Bg5 Qe5 17. Rhe1 1-0

[Event "Early-Titled-Tuesday-Blitz-March-12-2024"]
[Site "Chess.com"]
[Date "2024.03.12"]
[Round "8"]
[White "margarita_2703"]
[Black "Alenzer"]
[Result "1-0"]
[WhiteElo "2376"]
[BlackElo "2155"]
[TimeControl "180+1"]
[EndTime "9:23:47 PDT"]
[Termination "margarita_2703 won by resignation"]

1. g4 d5 2. Bg2 e5 3. h3 c6 4.
b3 Bd6 5. Bb2 Ne7 6. d3 Be6 7. c4 Nd7 8. Nc3 d4 9. Ne4 Bb4+ 10. Nd2 O-O 11. Nf3 f5 12. gxf5 Nxf5 13. a3 Bxd2+ 14. Qxd2 Nh4 15. Nxh4 Qxh4 16. Rf1 Rxf2 17.
Rxf2 Rf8 18. e4 Bxh3 19. Bxh3 Qxh3 20. O-O-O Nf6 21. Rdf1 b5 22. cxb5 cxb5 23. Kb1 Qe6 24. Ka2 Rc8 25. Rc1 Rb8 26. Rc5 b4 27. axb4 Qb6 28. Ba3 Nd7 29. Rd5 Nf6 30. Rxe5 1-0

[Event "Early-Titled-Tuesday-Blitz-March-12-2024"]
[Site "Chess.com"]
[Date "2024.03.12"]
[Round "8"]
[White "Al_Shima"]
[Black "HajiyevKanan"]
[Result "1-0"]
[WhiteElo "2451"]
[BlackElo "2563"]
[TimeControl "180+1"]
[EndTime "9:24:03 PDT"]
[Termination "Al_Shima won by resignation"]

1. e4 c6 2. Nc3 d5 3. Nf3 a6 4. d4 Bg4 5. Be3 e6 6. h3 Bh5 7. g4 Bg6 8. exd5 cxd5 9. Ne5 Nc6 10. Nxg6 hxg6 11. Bg2 Nf6 12. a3 Bd6 13. Qd3 Qc7 14.
O-O-O b5 15. Rhe1 b4 16. axb4 Nxb4 17. Qe2 Qa5 18. g5 Nd7 19. Kd2 Nb6 20. Ra1 Nc4+ 21. Qxc4 Qxa1 22. Rxa1 dxc4 23. Bxa8 Rxh3 24. Ne4 Be7 25. c3 Nd3 26. Bc6+ Kd8 27. Rxa6 Nxb2 28. Bf4 1-0

[Event "Early-Titled-Tuesday-Blitz-March-12-2024"]
[Site "Chess.com"]
[Date "2024.03.12"]
[Round "8"]
[White "Resignify"]
[Black "javierfreilemartin"]
[Result "0-1"]
[WhiteElo "2234"]
[BlackElo "2263"]
[TimeControl "180+1"]
[EndTime "9:24:08 PDT"]
[Termination "javierfreilemartin won by resignation"]

1. e4 c5 2. Nc3 d6 3. g3 Nc6 4.
Bg2 e5 5. d3 Nf6 6. h3 Rb8 7.
Bg5 Be7 8. Bxf6 Bxf6 9. Nd5 Be6 10. Nxf6+ Qxf6 11. Ne2 O-O 12. c3 Rbd8 13. O-O d5 14.
exd5 Bxd5 15. Bxd5 Rxd5 16. Qb3 Rxd3 17. Qxb7 Rb8 18.
Qc7 Rxb2 19. Rae1 h5 20. Qc8+ Kh7 21. Nc1 Rdd2 22. g4 Rxf2 0-1

[Event "Early-Titled-Tuesday-Blitz-March-12-2024"]
[Site "Chess.com"]
[Date "2024.03.12"]
[Round "8"]
[White "Blitzstream"]
[Black "AlexPapasimakopoulos"]
[Result "1-0"]
[WhiteElo "2808"]
[BlackElo "2710"]
[TimeControl "180+1"]
[EndTime "9:24:09 PDT"]
[Termination "Blitzstream won by resignation"]

1. e4 e6 2. c4 d5 3. cxd5 exd5 4. exd5 Nf6 5. Nc3 Nxd5 6. Nf3 Be7 7. d4 O-O 8. Bc4 Nb6 9. Bb3 Bg4 10. h3 Bh5 11. g4 Bg6 12. Ne5 c5 13. dxc5 Qxd1+ 14. Bxd1 Bxc5 15. O-O Nc6 16. Nxc6 bxc6 17. Bf3 Bd4 18. Rd1 Be5 19. Bxc6 Rac8 20. Bg2 Rfd8 21. Be3 Nc4 22. Bxa7 Nxb2 23. Rxd8+ Rxd8 24. Nd5 Bd3 25. Ne7+ Kf8 26. Nc6 Ra8 27. Bc5+ Bd6 1-0

[Event "Early-Titled-Tuesday-Blitz-March-12-2024"]
[Site "Chess.com"]
[Date "2024.03.12"]
[Round "8"]
[White "volodja49"]
[Black "LileKoridze"]
[Result "0-1"]
[WhiteElo "2577"]
[BlackElo "2461"]
[TimeControl "180+1"]
[EndTime "9:24:15 PDT"]
[Termination "LileKoridze won on time"]

1. d4 Nf6 2. c4 e6 3. Nc3 Bb4 4. f3 O-O 5. e4 d6 6. Ne2 c5 7. Be3 cxd4 8. Nxd4 d5 9. e5 Nfd7 10. f4 dxc4 11. Bxc4 Qe7 12. O-O Nb6 13. Bd3 Rd8 14. Qh5 h6 15. f5 exf5 16. Bxf5 Bc5 17. Rad1 Nc6 18. Ne4 Bxd4 19. Bxd4 Nxd4 20. Nf6+ gxf6 21. Qxh6 Nxf5 0-1

[Event "Early-Titled-Tuesday-Blitz-March-12-2024"]
[Site "Chess.com"]
[Date "2024.03.12"]
[Round "8"]
[White "ExchangeAB"]
[Black "Ze-Pequeno"]
[Result "1-0"]
[WhiteElo "2501"]
[BlackElo "2187"]
[TimeControl "180+1"]
[EndTime "9:24:22 PDT"]
[Termination "ExchangeAB won by resignation"]

1. d4 Nf6 2. Nf3 d5 3. c3 c6 4. Bf4 Bf5 5. Qb3 Qb6 6. Nbd2 Nbd7 7. e3 e6 8. h3 h6 9. Be2 Be7 10. O-O O-O 11. a4 a5 12. Ne5 Qxb3 13. Nxb3 Nxe5 14. Bxe5 Nd7 15. Bg3 b6 16. f3 Bg6 17. Nd2 Bf6 18. e4 Bg5 19. f4 Be7 20. f5 exf5 21. exf5 Bh7 22. Rae1 Rfe8 23. Bd1 Bg5 24. Nf3 Be3+ 25.
Kh2 Bxf5 26. Ne5 Nxe5 27. dxe5 Bd2 28. Rxf5 Bxe1 29. Bxe1 g6 30. Rf6 Rac8 31. Bg3 Rxe5 32. Bxe5 1-0

[Event "Early-Titled-Tuesday-Blitz-March-12-2024"]
[Site "Chess.com"]
[Date "2024.03.12"]
[Round "8"]
[White "Sattarov_Bobur"]
[Black "ValentunHulka"]
[Result "1-0"]
[WhiteElo "2811"]
[BlackElo "2720"]
[TimeControl "180+1"]
[EndTime "9:24:24 PDT"]
[Termination "Sattarov_Bobur won by resignation"]

1. e4 c5 2. Nf3 Nf6 3. e5 Nd5 4. Nc3 e6 5. d4 Nxc3 6. bxc3 d5 7. h4 Nc6 8. h5 h6 9. Bd3 Qa5 10. Bd2 c4 11. Bf1 Bd7 12. g4 Qa4 13. Bh3 O-O-O 14. O-O Be7 15. Kg2 g5 16. Ng1 f6 17.
exf6 Bxf6 18. f4 e5 19. fxe5 Be7 20. Ne2 Be6 21. Ng3 Nxe5 22. Re1 Bd6 23. dxe5 Bc5 24.
Be3 Bxe3 25. Rxe3 d4 26. cxd4 c3 27. Rxc3+ Kb8 28. Rd3 Rc8 29. Rc1 Rhd8 30. Kh2 Bxa2 31. Bg2 Bc4 32. Ra1 Qb4 33. Rb1 1-0

[Event "Early-Titled-Tuesday-Blitz-March-12-2024"]
[Site "Chess.com"]
[Date "2024.03.12"]
[Round "8"]
[White "Ati1517"]
[Black "FischerKasparow"]
[Result "0-1"]
[WhiteElo "2223"]
[BlackElo "2101"]
[TimeControl "180+1"]
[EndTime "9:24:39 PDT"]
[Termination "FischerKasparow won by resignation"]

1. e4 e5 2. Nf3 Nc6 3. d4 exd4 4.
Bc4 Nf6 5. O-O Nxe4 6. Re1 d5 7. Bxd5 Qxd5 8. Nc3 Qa5 9. Nxe4 Be6 10. Neg5 O-O-O 11. Nxe6 fxe6 12. Rxe6 Bd6 13. Bd2 Qh5 14. h3 h6 15. Qe2 g5 16. Nxd4 Qxe2 17. Nxe2 Bh2+ 18. Kxh2 Rxd2 19. Rc1 Kd7 20. Re3 Re8 21. Rxe8 Kxe8 22. Nc3 Rxf2 23. Re1+ Kf7 24. Re2 Rxe2 25. Nxe2 Nb4 26.
c3 Nxa2 27. Kg1 Ke6 28. Kf2 Kd5 29. b3 Ke4 30. c4 Kd3 31. Ng3 Kc3 32. Nf5 Kxb3 33.
Nxh6 a5 34. Nf7 a4 35. Nxg5 a3 36. h4 Nc3 37. h5 a2 38. h6 a1=Q 39. h7 Nd1+ 40.
Kg3 Kxc4 41. Nf7 Qg7+ 42. Kh3 Qxh7+ 43. Kg3 Qxf7 0-1

[Event "Early-Titled-Tuesday-Blitz-March-12-2024"]
[Site "Chess.com"]
[Date "2024.03.12"]
[Round "8"]
[White "Sychev_on_YouTube"]
[Black "Sam_ChessMood"]
[Result "1-0"]
[WhiteElo "2932"]
[BlackElo "2963"]
[TimeControl "180+1"]
[EndTime "9:24:45 PDT"]
[Termination "Sychev_on_YouTube won by resignation"]

1. e4 c5 2. Nf3 d6 3. d4 cxd4 4. Qxd4 Nf6 5. Nc3 Nc6 6. Qc4 Bd7 7. Bf4 Rc8 8. O-O-O Qa5 9. Qb3 Qb4 10. Qxb4 Nxb4 11.
e5 Ng4 12. Bg3 f6 13. exd6 e5 14. a3 Na6 15. Nb5 Rc5 16. Nxa7 Ba4 17. Rd2 1-0

[Event "Early-Titled-Tuesday-Blitz-March-12-2024"]
[Site "Chess.com"]
[Date "2024.03.12"]
[Round "8"]
[White "Hikaru"]
[Black "Jospem"]
[Result "1-0"]
[WhiteElo "3237"]
[BlackElo "3128"]
[TimeControl "180+1"]
[EndTime "9:24:49 PDT"]
[Termination "Hikaru won by resignation"]

1. d4 Nf6 2. c4 e6 3. Nc3 Bb4 4. Qc2 d6 5. e4 c5 6. a3 Bxc3+ 7. bxc3 Nc6 8. Nf3 e5 9. d5 Ne7 10. g3 O-O 11. Bg2 h6 12. O-O Nh7 13. Nh4 Ng6 14. Nxg6 fxg6 15. f4 exf4 16. gxf4 g5 17. e5 Bf5 18. Qe2 gxf4 19. e6 Qf6 20. Bxf4 Qxc3 21. Bxd6 Bd3 22. Qe3 Rxf1+ 23. Rxf1 Qxc4 24. Rc1 Qd4 25. Qxd4 cxd4 26. Be5 Bf5 27. Bxd4 Nf6 28.
Bxf6 gxf6 29. Rc7 1-0

[Event "Early-Titled-Tuesday-Blitz-March-12-2024"]
[Site "Chess.com"]
[Date "2024.03.12"]
[Round "8"]
[White "ValeriyGrinev"]
[Black "Zheenbekov86"]
[Result "1-0"]
[WhiteElo "2577"]
[BlackElo "2431"]
[TimeControl "180+1"]
[EndTime "9:24:52 PDT"]
[Termination "ValeriyGrinev won by resignation"]

1. d4 Nf6 2. c4 d6 3. Nc3 Nbd7 4. Nf3 e5 5. Bg5 Be7 6. e3 O-O 7. Qc2 c6 8. Be2 Re8 9. O-O Qc7 10. b4 Nf8 11. c5 exd4 12. exd4 dxc5 13. dxc5 Ng6 14.
Bc4 Bg4 15. Qb3 Rf8 16. Ne2 Bxf3 17. Qxf3 h6 18. Qf5 Ne5 19. Bf4 Nfd7 20. Rad1 Bf6 21. Rd6 Nxc4 22. Rxd7 Qc8 23. Rfd1 b5 24. Bxh6 a5 25.
Nf4 axb4 26. Nh5 Bc3 27. Bxg7 Rxa2 28. Bxc3 1-0

[Event "Early-Titled-Tuesday-Blitz-March-12-2024"]
[Site "Chess.com"]
[Date "2024.03.12"]
[Round "8"]
[White "toninhojit"]
[Black "mikheeva86"]
[Result "0-1"]
[WhiteElo "2520"]
[BlackElo "2336"]
[TimeControl "180+1"]
[EndTime "9:25:02 PDT"]
[Termination "mikheeva86 won by resignation"]

1. d4 d5 2. c4 e6 3. Nc3 Nf6 4. cxd5 exd5 5. Bg5 Be7 6. Qc2 Nbd7 7. e3 O-O 8. Bd3 c6 9. Nge2 Re8 10. O-O Nf8 11.
f3 g6 12. Rae1 Ne6 13. Bh4 Ng7 14. Bf2 Bf5 15. e4 dxe4 16. fxe4 Be6 17. Nf4 Ng4 18. Nxe6 Nxe6 19. d5 cxd5 20. exd5 Ng7 21. Bd4 Qc7 22. g3 Bc5 23. Qa4 Qb6 24. Rxe8+ Rxe8 25. Rf4 Re1+ 26. Kg2 Qxb2+ 27. Qc2 Qxc2+ 28. Bxc2 Bxd4 29. Rxg4 Bxc3 30. Rc4 Ba5 31. d6 Ne6 32. d7 Kg7 33. Bb3 Re2+ 34.
Kf3 Rd2 35. Ra4 Bb6 0-1

[Event "Early-Titled-Tuesday-Blitz-March-12-2024"]
[Site "Chess.com"]
[Date "2024.03.12"]
[Round "8"]
[White "HanSchut"]
[Black "Lady_Nika"]
[Result "0-1"]
[WhiteElo "2330"]
[BlackElo "2541"]
[TimeControl "180+1"]
[EndTime "9:25:03 PDT"]
[Termination "Lady_Nika won by resignation"]

1. e4 e6 2. d4 d5 3. e5 c5 4. c3 Nc6 5. Nf3 Qb6 6. Bd3 Bd7 7.
dxc5 Bxc5 8. b4 Be7 9. O-O Nh6 10. a4 Ng4 11. Qe2 Qc7 12. Re1 h5 13. Na3 a6 14.
h3 Nh6 15. Bf4 Nf5 16. Rad1 g6 17. Nc2 Nd8 18. Qd2 Rc8 19. c4 dxc4 20. Bxf5 gxf5 21. Bg5 Bxa4 22. Bxe7 Qxe7 23. Nfd4 Rg8 24. f4 Nc6 25. Nxc6 Bxc6 26. Nd4 Rxg2+ 27. Kf1 Rxd2 0-1

[Event "Early-Titled-Tuesday-Blitz-March-12-2024"]
[Site "Chess.com"]
[Date "2024.03.12"]
[Round "8"]
[White "RandomNoob04"]
[Black "Danny_Billiards"]
[Result "0-1"]
[WhiteElo "2620"]
[BlackElo "2795"]
[TimeControl "180+1"]
[EndTime "9:25:04 PDT"]
[Termination "Danny_Billiards won on time"]

1. e4 e6 2. d4 d5 3. e5 c5 4.
c3 Nc6 5. Nf3 Qc7 6. a3 c4 7. Be2 Na5 8. Nbd2 Bd7 9. O-O Ne7 10.
Re1 Nc8 11. Rb1 Nb6 12. Nf1 h6 13. Qd2 g5 14. h4 Nb3 15. Qe3 O-O-O 16. hxg5 hxg5 17.
Qxg5 Bh6 18. Qxh6 Rxh6 19. Bxh6 Rg8 20. Ng3 Ba4 21. Bg5 Na5 22. Rbc1 Nb3 23. Rb1 Na5 24.
Bf6 Bc2 25. Rbc1 Bg6 26. Nh4 Bh7 27. Bd1 Nb3 28. Bxb3 cxb3 29. Nf3 Nc4 30. Re2 Bd3 31.
Ree1 Nxb2 32. Ng5 Nc4 33. Rcd1 Bc2 34. Rc1 Bg6 35. Rcd1 b2 36. Ne2 Nxa3 37. Nf4 b1=Q 38. Rxb1 Bxb1 0-1

[Event "Early-Titled-Tuesday-Blitz-March-12-2024"]
[Site "Chess.com"]
[Date "2024.03.12"]
[Round "8"]
[White "venturov"]
[Black "Ural_bogatyr"]
[Result "0-1"]
[WhiteElo "2480"]
[BlackElo "2605"]
[TimeControl "180+1"]
[EndTime "9:25:07 PDT"]
[Termination "Ural_bogatyr won by resignation"]

1. e4 e5 2. Bc4 Nf6 3. Nc3 Nc6 4. d3 Na5 5. Nf3 Nxc4 6. dxc4 Bb4 7. Qd3 d6 8. Bd2 h6 9. O-O-O Be6 10. Nd5 Bxd2+ 11. Nxd2 Nd7 12. Qg3 O-O 13. h4 f5 14.
f4 fxe4 15. Nxe4 Bxd5 16. cxd5 Rxf4 17. Nc3 Qf6 18. Kb1 Rf8 19. Nb5 Qd8 20. Nxa7 Nc5 21.
Nb5 Rb4 22. Nc3 Qa8 23. Rhf1 Rxf1 24. Rxf1 Qa3 25. b3 Na4 26. Nd1 Rd4 27. bxa4 Qxg3 0-1

[Event "Early-Titled-Tuesday-Blitz-March-12-2024"]
[Site "Chess.com"]
[Date "2024.03.12"]
[Round "8"]
[White "Mysterio47"]
[Black "AnishOnYoutube"]
[Result "0-1"]
[WhiteElo "2750"]
[BlackElo "3038"]
[TimeControl "180+1"]
[EndTime "9:25:08 PDT"]
[Termination "AnishOnYoutube won by resignation"]

1. d4 Nf6 2. Nc3 d5 3. Bf4 c5 4. e3 cxd4 5. exd4 a6 6. Nf3 Nc6 7. Ne5 Bd7 8. g3 e6 9. Bg2 Qb6 10. Nxc6 Bxc6 11. Rb1 Bb4 12. O-O O-O 13. Ne2 Be7 14.
c3 a5 15. Nc1 Qa6 16. Re1 Bb5 17. a4 Bc6 18. Nd3 b5 19. axb5 Bxb5 20. Ne5 a4 21. g4 Ra7 22. Re3 Nd7 23. g5 Nxe5 24. Bxe5 Bxg5 25.
Rg3 f6 26. Qg4 Be2 27. Qh3 Bd2 28. Bd6 Qxd6 0-1

[Event "Early-Titled-Tuesday-Blitz-March-12-2024"]
[Site "Chess.com"]
[Date "2024.03.12"]
[Round "8"]
[White "Susal_De_Silva"]
[Black "AsaHoffmann"]
[Result "1-0"]
[WhiteElo "2709"]
[BlackElo "2387"]
[TimeControl "180+1"]
[EndTime "9:25:09 PDT"]
[Termination "Susal_De_Silva won by checkmate"]

1. Nf3 d6 2. d4 Nf6 3. g3 c6 4.
Bg2 Bf5 5. O-O h6 6. c4 Nbd7 7. Nc3 e5 8. dxe5 dxe5 9. Nd2 Be7 10. e4 Bg6 11. Qc2 Nc5 12. Rd1 Qd3 13. Qxd3 Nxd3 14.
Nb3 O-O-O 15. f3 a5 16. Kf1 b6 17. Ke2 Nxc1+ 18. Raxc1 Bb4 19. Na4 Kc7 20. a3 Be7 21.
Nc3 Ne8 22. Nd2 f6 23. Bh3 Bf7 24. b3 Bxa3 25. Rc2 Bb4 26. Rdc1 Nd6 27. Nf1 Nb7 28. Na2 Nc5 29. Nxb4 axb4 30. Rb1 Rd3 31. Ra2 Rb8 32. Nd2 h5 33. Bf1 Rc3 34. Ke1 h4 35. g4 g6 36.
Be2 f5 37. gxf5 gxf5 38. exf5 Bh5 39. Kf2 Rf8 40. Ra7+ Kd6 41. Rd1 Nd3+ 42. Bxd3 Rxd3 43. Ne4# 1-0

[Event "Early-Titled-Tuesday-Blitz-March-12-2024"]
[Site "Chess.com"]
[Date "2024.03.12"]
[Round "8"]
[White "martinmena"]
[Black "KSho99"]
[Result "1-0"]
[WhiteElo "2277"]
[BlackElo "2134"]
[TimeControl "180+1"]
[EndTime "9:25:11 PDT"]
[Termination "martinmena won on time"]

1. c4 e6 2. g3 f5 3. Bg2 Nf6 4.
Nc3 Bb4 5. Nf3 Nc6 6. d4 Bxc3+ 7.
bxc3 Ne4 8. Qc2 b6 9. Nd2 Nxd2 10. Qxd2 Rb8 11. Ba3 Na5 12. c5 Nc4 13. Qc1 Bb7 14. O-O Bxg2 15. Kxg2 Qc8 16. cxb6 axb6 17. Bb2 O-O 18.
Qc2 Qb7+ 19. Kg1 f4 20. Bc1 fxg3 21. hxg3 Rf5 22. e4 Rh5 23. Qd3 Nd6 24. f3 Rf8 25.
Kg2 Qc8 26. Ba3 Qd8 27. Bxd6 cxd6 28. Rh1 Rg5 29. e5 1-0

[Event "Early-Titled-Tuesday-Blitz-March-12-2024"]
[Site "Chess.com"]
[Date "2024.03.12"]
[Round "8"]
[White "ahkashefi2800"]
[Black "Casper"]
[Result "1-0"]
[WhiteElo "2634"]
[BlackElo "2492"]
[TimeControl "180+1"]
[EndTime "9:25:13 PDT"]
[Termination "ahkashefi2800 won by resignation"]

1. e4 g6 2. d4 Bg7 3. Nc3 d6 4. f4 Nc6 5. Be3 e5 6. fxe5 dxe5 7.
d5 Nd4 8. Nf3 Bg4 9. Be2 Nxe2 10.
Qxe2 Ne7 11. O-O-O O-O 12. h3 Bxf3 13. gxf3 f5 14. h4 fxe4 15. fxe4 a6 16. h5 Qd6 17.
hxg6 hxg6 18. Qh2 Kf7 19. Qh7 Rg8 20. Rhf1+ Ke8 21. Bg5 Kd7 22. Rf7 Rae8 23. Rxg7 1-0